 Dungeon Crawl Stone Soup version 0.30-a0-702-gdf48620a09 (webtiles) character file.

Game seed: 12651624533795469304

83 Leeroy the Slasher (level 4, -5/26 HPs)
             Began as a Tengu Warper on Jan 21, 2023.
             Succumbed to a kobold brigand's poison
             ... on level 3 of the Dungeon.
             The game lasted 00:02:06 (1412 turns).

Leeroy the Slasher (Tengu Warper)                   Turns: 1412, Time: 00:02:06

Health: -5/26      AC:  4    Str: 11    XL:     4   Next: 44%
Magic:  8/8        EV: 12    Int: 13    God:
Gold:   141        SH:  0    Dex: 16    Spells: 5/7 levels left

rFire   . . .      SeeInvis .    a - +0 falchion
rCold   . . .      Faith    .    (no shield)
rNeg    . . .      Spirit   .    e - +1 leather armour {Will+}
rPois   .          Reflect  .    (helmet restricted)
rElec   .          Harm     .    (no cloak)
rCorr   .          Rampage  .    (no gloves)
Will    +....                    (boots unavailable)
Stlth   +                        (no amulet)
HPRegen 0.24/turn                (no ring)
MPRegen 0.11/turn                (no ring)

@: lethally poisoned (-5 -> -31)
A: beak, talons 3
a: no special abilities


You were on level 3 of the Dungeon.
You visited 1 branch of the dungeon, and saw 3 of its levels.

You collected 141 gold pieces.

Inventory:

Hand Weapons
 a - a +0 falchion (weapon)
 r - a +0 great sword
Missiles
 d - 7 boomerangs of dispersal
 m - 6 poisoned darts (quivered)
Armour
 b - a +0 leather armour
 e - a +1 leather armour of willpower (worn)
Jewellery
 j - an amulet of the acrobat
 s - a ring of resist corrosion
Scrolls
 c - a scroll of blinking
 f - a scroll of identify {unknown}
 g - 4 scrolls of teleportation {unknown}
 n - a scroll of summoning {unknown}
 o - a scroll of enchant armour {unknown}
 q - a scroll of poison {unknown}
Potions
 h - a potion of cancellation
 i - a potion of heal wounds {unknown}
 k - a potion of degeneration {unknown}
 l - 2 potions of curing {unknown}
 p - a potion of haste {unknown}


   Skills:
 - Level 2.0 Fighting
 + Level 5.0 Long Blades
 - Level 1.0 Throwing
 - Level 1.1 Armour
 - Level 2.1 Dodging
 - Level 2.0 Spellcasting
 - Level 2.4 Translocations


You had 5 spell levels left.
You knew the following spells:

 Your Spells              Type           Power      Damage    Failure   Level
a - Blink                 Tloc           14%        N/A       19%         2

Your spell library contained the following spells:

 Spells                   Type           Power      Damage    Failure   Level
 Lesser Beckoning         Tloc           14%        N/A       19%         2
 Teleport Other           Tloc           7%         N/A       36%         3
 Static Discharge         Conj/Air       2%         2-3/arc   45%         2
 Vhi's Electric Charge    Tloc/Air       8%         N/A       52%         3
 Ignite Poison            Fire/Tmut/Pois 1%         N/A       69%         3
 Manifold Assault         Tloc           7%         N/A       77%         4
 Sticky Flame             Conj/Fire      1%         2d3       97%         4
 Arcjolt                  Conj/Air       0%         1d10      100%        5
 Lightning Bolt           Conj/Air       0%         1d11      100%        5
 Ignition                 Fire           0%         3d3       100%        8


Dungeon Overview and Level Annotations

Branches:
Dungeon (3/15)

Altars:
Dithmenos
Ru


Innate Abilities, Weirdness & Mutations

You have a beak for a mouth.
You have claws for feet.


Message History

Things that are here:
a +0 dagger; a goblin corpse A kobold brigand comes into view.
It is wielding a +1 dagger of venom and quivering poisoned darts.
A kobold brigand is nearby!
A kobold brigand is nearby!
You start waiting.
A kobold brigand is nearby!
A kobold comes into view. It is wielding a +0 dagger.
The kobold brigand hits you but does no damage.
You are poisoned.
You closely miss the kobold brigand.
The kobold shouts!
You claw the kobold brigand.
You peck the kobold brigand, but do no damage.
The kobold brigand is lightly wounded.
You feel very sick.
You hear a shout!
The kobold brigand barely misses you.
You hit the kobold brigand. You claw the kobold brigand.
The kobold brigand is moderately wounded.
You feel sick.
You feel sick. The kobold hits you but does no damage.
The kobold brigand hits you with a +1 dagger of venom.
You are more poisoned.
You miss the kobold brigand.
The kobold brigand is moderately wounded.
You feel very sick. The kobold barely misses you.
A kobold comes into view. It is wielding a +0 club.
The kobold brigand hits you with a +1 dagger of venom.
* * * LOW HITPOINT WARNING * * *
You are more poisoned.
The kobold hits you but does no damage.
* * * LOW HITPOINT WARNING * * *
You feel very sick.
The kobold brigand hits you with a +1 dagger of venom.
* * * LOW HITPOINT WARNING * * *
You are more poisoned.
It was a potion of cancellation.
You feel magically purged.
You die...

###.##### #.#
#.# ~## #.#
#~~#..## #.#
##~~##..#
#.####~~~≈#..#
#.##..~~≈≈#..#
#.##.#~~~≈#..#
#@##.##~~##..
#KK.K..~~#))#
####....~#..#
#.....#).#
#........#
######...#
#.### #.# #.#


You could see a kobold brigand and 2 kobolds.

Vanquished Creatures
  2 adders (D:2)
  4 worms
  A dart slug (D:2)
  An orc (D:3)
  3 bats
  2 endoplasms
  3 giant cockroaches
  5 goblins
  2 hobgoblins
  4 jackals
  7 kobolds
  3 quokkas
  4 ball pythons
  2 frilled lizards (D:2)
  3 rats
46 creatures vanquished.

Notes
Turn   | Place    | Note
-------+----------+-------------------------------------------
     0 | D:1      | Leeroy the Tengu Warper began the quest for the Orb.
     0 | D:1      | Reached XP level 1. HP: 12/12 MP: 4/4
    96 | D:1      | Reached XP level 2. HP: 17/17 MP: 6/6
   116 | D:1      | Reached skill level 3 in Long Blades
   437 | D:1      | Learned a level 2 spell: Blink
   617 | D:2      | Reached XP level 3. HP: 19/21 MP: 7/7
   657 | D:2      | Reached skill level 4 in Long Blades
   865 | D:2      | Found a shadowy altar of Dithmenos.
   982 | D:2      | Noticed a scorpion
  1002 | D:3      | Reached XP level 4. HP: 26/26 MP: 8/8
  1236 | D:3      | Found a sacrificial altar of Ru.
  1296 | D:3      | Reached skill level 5 in Long Blades
  1391 | D:3      | Noticed a kobold brigand
  1411 | D:3      | HP: 1/26 [kobold brigand/+1 dagger of venom (2)]
  1412 | D:3      | Succumbed to a kobold brigand's poison

Illustrated notes

Levels and vault maps discovered:
D:1:      tarquinn_simple_flora_water_a, layout_rooms, minivault_4,
          hangedman_abyss_or_decor_lesser_grid
D:2:      kennysheep_big_flooded_room, layout_loops_cross, basic_altar
D:3:      cheibrodos_thug_alley, layout_loops_cross, hangedman_ru_absence,
          chequers_temple_overflow_statue_of_worship

Skill      XL: |  1  2  3  4 |
---------------+-------------+-----
Long Blades    | 3 4 5 |  5.0
Fighting       | |  2.0
Throwing       | |  1.0
Armour         | |  1.1
Dodging        | |  2.1
Spellcasting   | |  2.0
Translocations | |  2.4

Action                   |  1- 3 |  4- 6 || total
-------------------------+-------+-------++-------
Melee: Falchion          |    70 |    45 ||   115
       Peck              |     5 |     6 ||    11
       Kick              |    13 |    12 ||    25
       Punch             |     1 |       ||     1
  Use: Potion            |       |     1 ||     1
 Stab: Sleeping          |     2 |       ||     2
Armor: Leather armour    |    21 |    16 ||    37
Dodge: Dodged            |    46 |    23 ||    69

Table legend: (Time is in decaauts)
 A = Elapsed time spent in this place.
 B = Non-inter-level travel time spent in this place.
 C = Inter-level travel time spent in this place.
 D = Time resting spent in this place.
 E = Time spent auto-exploring this place.
 F = Levels seen in this place.
 G = Mean time per level.
                   A        B        C        D        E       F      G
               +--------+--------+--------+--------+--------+-----+--------+
         Total |   1423 |   1413 |     10 |     14 |   1059 |   3 |  474.3 |
       Dungeon |   1423 |   1413 |     10 |     14 |   1059 |   3 |  474.3 |
               +--------+--------+--------+--------+--------+-----+--------+

Top non-repeatable levels by time:
     D:2: 546 daAuts
     D:1: 451 daAuts
     D:3: 425 daAuts
